cohdb
Replays
Latest Replays
All Replays
Popular Replays
Top Player Replays
Match Explorer
How It Works
Community
CoH3 Stats
Reddit
Sign in to upload your games and track your stats! →
Sign in with Steam
Match 45892043
Unlisted
Match 45892043
Overview
Messages
Build Orders
End
Kradschützen Motorcycle Team
Panzerpioneer Squad
Panzergrenadier Squad
250 Light Carrier
Construct Light Support Kompanie
Panzerjäger Squad
Combat Half-tracks
Assault Mechanized Group
Selects Armored Support Battlegroup
Selects Armored Support Battlegroup
Selects Superior Fire Drills
Construct Mechanized Kompanie
8 Rad Armored Car
254 Reconnaissance Tractor
Vehicle Survival Package
Marder III Tank Destroyer
Marder III Tank Destroyer
Construct Panzerarmee Kommand
Selects Flammpanzer III Medium Tank
Emergency Repair Kits
MaXiS
16 Czechoslovakians
Cpt Darling
jwalker987
0
0
Comments
sign in to comment!
No comments posted yet!